AoeStats
← THL

Hideout

507399307Analyzed
1v1 RM · 15d ago on Sep 18, 2026· 41m 26s· 2 players
Game mode
Random Map
Map size
Tiny (2 player)
Population
200
Speed
Normal
Resources
Standard
Victory
Conquest
Starting age
Dark Age
Ending age
Imperial Age
RankedLock teamsTeams togetherTeam positionsShared explorationLock speedFull tech treeHidden civsTurbo modeCheats
Victory
Defeat
🇻🇳 Maya · Vietnam
1777
+20
🇦🇷 Japanese · Argentina
1858
-20
ram0ff
8:55 Feudal Age
8:58 Man-at-Arms
17:01 Wheelbarrow
17:52 Double-Bit Axe
20:28 Castle Age
18:31 Horse Collar
18:54 Fletching
19:12 Gold Mining
20:28 Padded Archer Armor
21:14 Bodkin Arrow
21:34 Bow Saw
21:31 Crossbowman
33:35 Imperial Age
33:38 Arbalester
34:46 Bracer
38:08 Chemistry
39:08 Ballistics
40:13 Thumb Ring
41:12 Leather Archer Armor
THL
0:28 Loom
0:36 Loom
10:21 Feudal Age
11:56 Double-Bit Axe
17:38 Fletching
20:46 Castle Age
19:06 Fletching
19:46 Gold Mining
21:03 Horse Collar
20:52 Crossbowman
21:41 Bodkin Arrow
21:54 Padded Archer Armor
32:41 Wheelbarrow
33:50 Bow Saw
34:21 Ballistics
38:35 Imperial Age
37:01 Leather Archer Armor
37:35 Thumb Ring
39:19 Bracer
40:27 Chemistry
40:46 Two-Man Saw
40:35 Arbalester
Connection lost

Rejoining the realm…

Still unreachable

The connection could not be restored.

Session expired

The server has moved on; the page needs a fresh start.